 Dungeon Crawl Stone Soup version 0.30-a0-571-gdf30a72648 (webtiles) character file.

Game seed: 10905526528363555903

2926 demibob the Spear-Bearer (level 9, 0/56 HPs)
             Began as a Demonspawn Monk on Dec 29, 2022.
             Was a Believer of Hepliaklqana.
             Slain by a kobold brigand
             ... wielding a +0 dagger
              (6 damage)
             ... on level 8 of the Dungeon.
             The game lasted 00:17:00 (8826 turns).

demibob the Spear-Bearer (Demonspawn Monk)          Turns: 8826, Time: 00:17:01

Health: 0/56       AC:  7    Str: 12    XL:     9   Next: 50%
Magic:  0/9        EV: 13    Int: 11    God:    Hepliaklqana [**....]
Gold:   370        SH:  0    Dex: 20    Spells: 8/8 levels left

rFire   . . .      SeeInvis .    e - +3 spear
rCold   . . .      Faith    .    (no shield)
rNeg    . . .      Spirit   +    b - +0 robe
rPois   .          Reflect  .    (no helmet)
rElec   .          Harm     .    u - +0 cloak
rCorr   .          Rampage  .    (no gloves)
Will    .....                    (no boots)
Stlth   ++                       g - amulet of guardian spirit
HPRegen 0.29/turn                L - ring of flight
MPRegen 0.11/turn                T - +4 ring of protection

@: about to teleport, grasped by roots, flying, constricted
A: reduced essence, demonic guardian 1, sturdy frame 1, demonic magic 3
a: Renounce Religion, Recall Ancestor, Ancestor Identity


You were on level 8 of the Dungeon.
You worshipped Hepliaklqana.
Hepliaklqana was pleased with you.
You visited 2 branches of the dungeon, and saw 9 of its levels.

You collected 370 gold pieces.


Innate Abilities, Weirdness & Mutations

Your life essence is reduced to manifest your ancestor. (-10% HP)
A weak demonic guardian rushes to your aid.
Your movements are slightly less encumbered by armour. (ER -2)
Spells you cast and wands you use may paralyse nearby enemies.


   Skills:
 - Level 3.0 Fighting
 * Level 11.0 Polearms
 + Level 6.4 Dodging
 - Level 1.7 Stealth


You had 8 spell levels left.
You didn't know any spells.
Your spell library contained the following spells:

 Spells                   Type           Power      Damage    Failure   Level
 Magic Dart               Conj           0%         1d3       34%         1
 Searing Ray              Conj           0%         2d4       47%         2
 Static Discharge         Conj/Air       0%         2-2/arc   47%         2
 Vhi's Electric Charge    Tloc/Air       0%         N/A       71%         3
 Cause Fear               Hex            0%         N/A       98%         4
 Fulminant Prism          Conj/Hex       0%         3d5       98%         4
 Arcjolt                  Conj/Air       0%         1d10      100%        5
 Lightning Bolt           Conj/Air       0%         1d11      100%        5
 Dragon Form              Tmut           0%         N/A       100%        7
 Dragon's Call            Summ           0%         N/A       100%        9

Inventory:

Hand Weapons
 a - a +0 halberd
 e - a +3 spear (weapon)
 q - a +1 spear
Missiles
 f - 4 curare-tipped darts {=f}
Armour
 b - a +0 robe (worn)
 u - a +0 cloak (worn)
Jewellery
 g - an amulet of guardian spirit (around neck)
 r - an amulet of regeneration
 L - a ring of flight (left hand)
 N - a ring of positive energy
 R - a ring of resist corrosion
 T - a +4 ring of protection (right hand)
Wands
 m - a wand of polymorph (6)
Scrolls
 i - 4 scrolls of identify {@r1}
 k - 2 scrolls of torment
 n - a scroll of immolation
 o - 2 scrolls of fear
 s - a scroll of fog
 t - a scroll of enchant weapon
 v - a scroll of enchant armour
 w - 2 scrolls of amnesia {unknown}
 z - a scroll of magic mapping {unknown}
Potions
 c - a potion of ambrosia
 d - 2 potions of flight
 h - a potion of lignification
 j - 2 potions of brilliance
 l - a potion of degeneration {unknown}
 p - 2 potions of curing {@q1}
 x - a potion of berserk rage {unknown}

Dungeon Overview and Level Annotations

Branches:
Dungeon (8/15)             Temple (1/1) D:6
   Lair: D:8-11

Altars:
Ashenzari
Cheibriados
Dithmenos
Fedhas
Gozag
Hepliaklqana
Makhleb
Nemelex Xobeh
Okawaru
Qazlal
Ru
Sif Muna
Uskayaw
Vehumet
Xom

Shops:
D:2 =(

Annotations:
D:7 1 runed translucent door
D:8 Joseph

###.###.####.#.#.
#.....# ...#.
###....# ....#
##...#.######[#.#
............##.#.#
###.#...###.##.#.#
#.#.### #......# #
#. #####.### #.
#..5.@K# #
#.###..@.# #
#.##....# #.# ##..
#.# # #.# #.# ..#


You could see Joseph, a kobold brigand (ally target) and a friendly iron imp
(summoned).


Message History

The kobold brigand is severely wounded.
Qitarah closely misses Joseph.
The kobold brigand hits you with a +0 dagger.
* * * LOW HITPOINT WARNING * * *
You hit the kobold brigand.
The kobold brigand is almost dead.
Joseph hits Qitarah with a +0 quarterstaff!
You barely miss the kobold brigand.
The kobold brigand is almost dead.
The kobold brigand hits you with a +0 dagger.
* * * LOW HITPOINT WARNING * * *
Qitarah hits Joseph with a +0 quarterstaff!!
As you read the scroll of teleportation {@r2}, it crumbles to dust.
You feel strangely unstable.
Joseph zaps a wand.
The roots erupt in riotous growth!
The kobold brigand is unaffected.
The grasping roots grab you!
Qitarah is unaffected.
Joseph is unaffected.
The grasping roots constrict you.
* * * LOW HITPOINT WARNING * * *
A demonic guardian appears!
Qitarah hits Joseph with a +0 quarterstaff!!
The kobold brigand hits you with a +0 dagger.
* * * LOW HITPOINT WARNING * * *
You feel better.
Joseph hits Qitarah with a +0 quarterstaff!
Qitarah is destroyed!
The grasping roots constrict you.
* * * LOW HITPOINT WARNING * * *
The kobold brigand hits you with a +0 dagger.
You die...

Skill      XL: |  1  2  3  4  5  6  7  8  9 |
---------------+----------------------------+-----
Polearms       | 3 4 5 6 7 8 10 11 | 11.0
Dodging        | 4 5 6 |  6.4
Fighting       | |  3.0
Stealth        | |  1.7

Action                   |  1- 3 |  4- 6 |  7- 9 || total
-------------------------+-------+-------+-------++-------
Melee: Spear             |   130 |   169 |   375 ||   674
       Punch             |       |     5 |     7 ||    12
       Halberd           |       |       |    16 ||    16
Invok: Ancestor Life: Ba |       |       |     1 ||     1
Evoke: Wand              |       |     2 |    15 ||    17
  Use: Scroll            |     1 |     9 |     4 ||    14
       Potion            |     2 |     2 |     4 ||     8
 Stab: Sleeping          |     5 |     5 |     3 ||    13
       Distracted        |       |     3 |       ||     3
Armor: Robe              |    21 |    20 |    35 ||    76
Dodge: Dodged            |    93 |    90 |   170 ||   353

Levels and vault maps discovered:
D:1:      tarquinn_simple_flora_water_c, layout_basic
D:2:      layout_basic, serial_shops, shop, shop
D:3:      layout_loops_ring, minmay_pentomino_pile
D:4:      layout_basic, minmay_circle_x, uniq_menkaure
D:5:      layout_basic, serial_bayou_pond_e
D:6:      layout_basic, temple_statues, uniq_duvessa
D:7:      minmay_the_grid_triangle_9x9_rhombus_thin
          [minmay_the_grid_triangle_9x9_skeleton,
          minmay_the_grid_triangle_9x9_prize_schism,
          minmay_the_grid_triangle_9x9_corruption,
          minmay_the_grid_triangle_9x9_tough_junction], layout_loops_corners,
          mainiacjoe_overflow_alcove_1, serial_demonic, serial_demonic_b,
          serial_demonic_e, serial_demonic_f, serial_demonic_b,
          serial_demonic_d, serial_demonic_a, serial_demonic_a,
          serial_demonic_f, serial_demonic_g, serial_demonic_e
D:8:      layout_basic, uniq_amaemon, uniq_gastronok, uniq_joseph
Temple:   nicolae_temple_superstar

Notes
Turn   | Place    | Note
-------+----------+-------------------------------------------
     0 | D:1      | demibob the Demonspawn Monk began the quest for the Orb.
     0 | D:1      | Reached XP level 1. HP: 18/18 MP: 1/1
    23 | D:1      | Reached skill level 3 in Polearms
    61 | D:1      | Gained mutation: Spells you cast may paralyse adjacent
                  | enemies. [demonic ancestry]
    61 | D:1      | Reached XP level 2. HP: 18/24 MP: 2/2
   987 | D:2      | Reached XP level 3. HP: 25/29 MP: 1/3
  1050 | D:2      | Found Waesupp's Antique Weapon Shoppe.
  1092 | D:2      | Found Bexkiadgh's Jewellery Shoppe.
  1170 | D:2      | Reached skill level 4 in Polearms
  1745 | D:2      | Reached XP level 4. HP: 35/35 MP: 4/4
  2360 | D:3      | You fall into a shaft and drop 3 floors!
  2392 | D:6      | Noticed Duvessa
  2396 | D:5      | Entered Level 5 of the Dungeon
  2396 | D:5      | Noticed a centaur
  2409 | D:5      | Killed a centaur
  2410 | D:5      | Reached skill level 5 in Polearms
  2410 | D:5      | Gained mutation: A weak demonic guardian rushes to your
                  | aid. [demonic ancestry]
  2410 | D:5      | Reached XP level 5. HP: 7/41 MP: 0/5
  3013 | D:3      | Reached skill level 6 in Polearms
  3566 | D:4      | Noticed a sky beast
  3585 | D:4      | HP: 3/41 [sky beast (5)]
  3586 | D:4      | Killed a sky beast
  3587 | D:4      | Reached XP level 6. HP: 4/47 MP: 1/6
  3830 | D:4      | Noticed Menkaure
  3836 | D:4      | Killed Menkaure
  3837 | D:4      | Reached skill level 7 in Polearms
  4024 | D:4      | Gained mutation: Your movements are slightly less
                  | encumbered by armour. (ER -2) [demonic ancestry]
  4024 | D:4      | Reached XP level 7. HP: 11/52 MP: 1/7
  4268 | D:4      | Reached skill level 3 in Dodging
  4972 | D:5      | Reached skill level 8 in Polearms
  5352 | D:5      | Reached skill level 4 in Dodging
  5352 | D:5      | Gained mutation: Spells you cast may paralyse nearby
                  | enemies. [demonic ancestry]
  5352 | D:5      | Reached XP level 8. HP: 38/58 MP: 4/8
  6483 | D:6      | Noticed Dowan
  6493 | D:6      | Killed Duvessa
  6494 | D:6      | Reached skill level 9 in Polearms
  6495 | D:6      | Killed Dowan
  6995 | D:6      | Found a staircase to the Ecumenical Temple.
  7059 | D:6      | Reached skill level 5 in Dodging
  7097 | Temple   | Entered the Ecumenical Temple
  7248 | Temple   | Became a worshipper of Hepliaklqana the Forgotten
  7248 | Temple   | Reached * piety under Hepliaklqana
  7248 | Temple   | Reached ** piety under Hepliaklqana
  7249 | Temple   | Remembered your ancestor Qitarah as a battlemage
  7779 | D:7      | Found a broken altar of Ashenzari.
  8021 | D:7      | Reached skill level 10 in Polearms
  8035 | D:7      | Identified the +0 cloak of Uskayaw's Favour {rC- Dex+6}
  8139 | D:7      | Gained mutation: Spells you cast and wands you use may
                  | paralyse nearby enemies. [demonic ancestry]
  8139 | D:7      | Reached XP level 9. HP: 56/56 MP: 9/9
  8169 | D:7      | Identified the +5 flail "Nuareyqi" {heavy, Will- Dex+2
                  | SInv}
  8353 | D:7      | Paralysed by a hornet for 3 turns
  8358 | D:7      | Reached skill level 6 in Dodging
  8642 | D:7      | Found a runed translucent door.
  8642 | D:7      | Noticed a komodo dragon
  8642 | D:7      | Noticed a troll
  8642 | D:7      | Noticed a two-headed ogre
  8750 | D:8      | Reached skill level 11 in Polearms
  8802 | D:8      | Noticed Joseph
  8825 | D:8      | HP: 5/56 [kobold brigand/+0 dagger (4)]
  8826 | D:8      | Slain by a kobold brigand

Vanquished Creatures
  Menkaure (D:4)
  Duvessa (D:6)
  A water moccasin (D:8)
  An orc warrior (D:5)
  A sky beast (D:4)
  An ogre (D:7)
  A centaur (D:5)
  A phantom (D:7)
  A kobold brigand (D:5)
  2 necrophages (D:6)
  2 bullfrogs
  Dowan (D:6)
  A quasit (D:7)
  A hound (D:5)
  4 jellies
  A gnoll bouda (D:4)
  4 iguanas
  An orc wizard (D:4)
  7 gnolls
  5 adders
  A shadow imp (D:7)
  2 white imps (D:7)
  An ufetubus (D:4)
  A worm (D:4)
  2 dart slugs
  16 orcs
  6 endoplasms
  7 giant cockroaches
  11 hobgoblins
  6 jackals (D:2)
  5 quokkas
  4 ball pythons
  4 bats (D:1)
  4 frilled lizards
  6 goblins
  17 kobolds
  3 rats (D:1)
134 creatures vanquished.

Vanquished Creatures (collateral kills)
  A hornet (D:7)
  A shadow (D:6)
  A vampire mosquito (D:7)
  A sky beast (D:7)
  A centaur (D:4)
  A phantom (D:6)
  A kobold brigand (D:7)
  2 bullfrogs (D:7)
  A scorpion (D:6)
  A killer bee (D:7)
  A quasit (D:7)
  An orc priest (D:4)
  A hound (D:5)
  An iguana (D:4)
  An orc wizard (D:5)
  3 shadow imps (D:7)
  3 white imps (D:7)
  4 ufetubi (D:7)
  An orc (D:5)
  An endoplasm (D:4)
  A giant cockroach (D:3)
  3 kobolds
32 creatures vanquished.

Vanquished Creatures (others)
  3 battlemagi
  A demonic plant (D:7)
4 creatures vanquished.

Grand Total: 170 creatures vanquished

Table legend: (Time is in decaauts)
 A = Elapsed time spent in this place.
 B = Non-inter-level travel time spent in this place.
 C = Inter-level travel time spent in this place.
 D = Time resting spent in this place.
 E = Time spent auto-exploring this place.
 F = Levels seen in this place.
 G = Mean time per level.
                   A        B        C        D        E       F      G
               +--------+--------+--------+--------+--------+-----+--------+
         Total |   8650 |   8364 |    286 |   1434 |   5686 |   9 |  961.1 |
       Dungeon |   8489 |   8213 |    276 |   1434 |   5614 |   8 | 1061.1 |
        Temple |    161 |    152 |      9 |      0 |     72 |   1 |  161.0 |
               +--------+--------+--------+--------+--------+-----+--------+

Top non-repeatable levels by time:
     D:6: 1533 daAuts
     D:5: 1397 daAuts
     D:4: 1330 daAuts
     D:2: 1187 daAuts
     D:3: 1035 daAuts
     D:7: 969 daAuts
     D:1: 962 daAuts
  Temple: 161 daAuts
     D:8: 73 daAuts

Table legend:
 A = Non-vault XP
 B = Vault XP
 C = Vault XP percentage of total XP
 D = Non-vault monster count
 E = Vault monster count
 F = Vault count percentage of total count
                 A         B        C        D         E       F
            +---------+---------+-------+---------+---------+-------
      Total |    2813 |    1368 |  32.7 |     130 |      36 |  21.7
            +---------+---------+-------+---------+---------+-------
        D:1 |      36 |       0 |   0.0 |      22 |       0 |   0.0
        D:2 |      66 |       0 |   0.0 |      23 |       0 |   0.0
        D:3 |      20 |      20 |  50.0 |       9 |       4 |  30.8
        D:4 |     412 |     334 |  44.8 |      30 |       9 |  23.1
        D:5 |     633 |       0 |   0.0 |      24 |       0 |   0.0
        D:6 |     765 |     226 |  22.8 |       9 |       2 |  18.2
        D:7 |     731 |     788 |  51.9 |      10 |      21 |  67.7
        D:8 |     150 |       0 |   0.0 |       3 |       0 |   0.0
            +---------+---------+-------+---------+---------+-------
